 Dungeon Crawl Stone Soup version 0.32-a0-868-g153ae1a8d6 (console) character file.

Game seed: 8649914802788194487

1551089 starberry the Warrior (level 26, 255/255 HPs)
             Began as a Mountain Dwarf Alchemist on Mar 28, 2024.
             Was the Champion of Ashenzari.
             Escaped with the Orb
             ... and 3 runes!
             The game lasted 03:38:14 (80856 turns).

starberry the Warrior (Mountain Dwarf Alchemist)   Turns: 80856, Time: 03:38:15

Health: 255/255    AC: 49    Str: 41    XL:     26   Next: 33%
Magic:  36/47      EV: 14    Int: 35    God:    Ashenzari [******]
Gold:   7728       SH: 19    Dex: 11    Spells: 14/65 levels left

rFire   + + +        a - +9 broad axe {flame, rC+, Self, Fort} (curse)
rCold   + + .        g - +2 kite shield "Share My Secrets" {AC+3, Melee, Elem} (curse)
rNeg    + . .        T - +10 plate armour of the Chained Sybil {rCorr Str+5 Dex-3, Melee, Fort} (curse)
rPois   +            K - +2 helmet of the Curse-Bearer {Str+4 Int+6, Melee, Fort} (curse)
rElec   +            J - +0 cloak of the Bound Cosmos {Elem, Dev} (curse)
rCorr   +            V - +2 pair of gloves "I Foresaw This" {rElec Int+3 Dex+3, Self, Sorc} (curse)
SInv    +            W - +2 pair of boots of the Astral Seer {rElec rPois Dex+2, Dev, Fort} (curse)
Will    +++++        r - amulet of Ashenzari's Seer {rF++ rN+ Will+ RegenMP+ Str+3, Elem, Sorc} (curse) Stlth
                     w - ring "Per Aspera Ad Scientiam" {Fly Will++ Str+6, Elem, Fort} (curse)
HPRegen 0.62/turn    b - ring of the Visionary Vision {rC+ Str+5 Int+6 Slay+2 Stlth-, Cun, Self} (curse)
MPRegen 0.70/turn

%: clarity
@: in a vortex, flying, studying Ranged Weapons
A: runic magic, artefact enchanting, deterioration 1, dopey 2, fire resistance
1, strong 1, subdued magic 1, inability to drink after injury 1
0: Orb of Zot
}: 3/15 runes: decaying, serpentine, silver
a: Renounce Religion, Shatter the Chains


You escaped.
You worshipped Ashenzari.
Ashenzari was exalted by your worship.
You visited 10 branches of the dungeon, and saw 48 of its levels.
You visited 1 bazaar.
You also visited: Trove, Bailey, Ice Cave and Volcano.

You collected 11035 gold pieces.
You spent 3307 gold pieces at shops.

Inventory:

Hand Weapons
 a - the cursed +9 broad axe of Curses and Power (weapon) {flame, rC+, Self, Fort}
   (You found it on level 2 of the Swamp)

   rC+:       It protects you from cold.
   It has a curse which improves the following skills: Introspection: Fighting
   and Spellcasting.
   Fortitude: Armour and Shields.
Missiles
 y - 11 curare-tipped darts (quivered)
Armour
 g - the cursed +2 kite shield "Share My Secrets" (worn) {AC+3, Melee, Elem}
   (You took it off a naga warrior on level 3 of the Snake Pit)

   It has a curse which improves the following skills: Melee Combat: Short
   Blades, Long Blades, Axes, Maces & Flails, Polearms, Staves and Unarmed
   Combat.
   Elements:  Fire Magic, Ice Magic, Air Magic and Earth Magic.
 J - the cursed +0 cloak of the Bound Cosmos (worn) {Elem, Dev}
   (You found it on level 1 of the Lair of Beasts)

   It has a curse which improves the following skills: Elements: Fire Magic, Ice
   Magic, Air Magic and Earth Magic.
   Devices:   Evocations and Shapeshifting.
 K - the cursed +2 helmet of the Curse-Bearer (worn) {Str+4 Int+6, Melee, Fort}
   (You found it on level 2 of the Vaults)

   Str+4:     It affects your strength (+4).
   Int+6:     It affects your intelligence (+6).
   It has a curse which improves the following skills: Melee Combat: Short
   Blades, Long Blades, Axes, Maces & Flails, Polearms, Staves and Unarmed
   Combat.
   Fortitude: Armour and Shields.
 T - the cursed +10 plate armour of the Chained Sybil (worn) {rCorr Str+5 Dex-3, Melee, Fort}
   (You bought it in a shop on level 2 of the Orcish Mines)

   Str+5:     It affects your strength (+5).
   Dex-3:     It affects your dexterity (-3).
   rCorr:     It protects you from acid and corrosion.
   It has a curse which improves the following skills: Melee Combat: Short
   Blades, Long Blades, Axes, Maces & Flails, Polearms, Staves and Unarmed
   Combat.
   Fortitude: Armour and Shields.
 V - the cursed +2 pair of gloves "I Foresaw This" (worn) {rElec Int+3 Dex+3, Self, Sorc}
   (You acquired it on level 2 of the Vaults)

   Int+3:     It affects your intelligence (+3).
   Dex+3:     It affects your dexterity (+3).
   rElec:     It insulates you from electricity.
   It has a curse which improves the following skills: Introspection: Fighting
   and Spellcasting.
   Sorcery:   Conjurations and Alchemy.
 W - the cursed +2 pair of boots of the Astral Seer (worn) {rElec rPois Dex+2, Dev, Fort}
   (You acquired it on level 13 of the Dungeon)

   Dex+2:     It affects your dexterity (+2).
   rElec:     It insulates you from electricity.
   rPois:     It protects you from poison.
   It has a curse which improves the following skills: Devices: Evocations and
   Shapeshifting.
   Fortitude: Armour and Shields.
Jewellery
 b - the cursed ring of the Visionary Vision (right hand) {rC+ Str+5 Int+6 Slay+2 Stlth-, Cun, Self}
   (You bought it in a shop on level 4 of the Depths)

   [ring of intelligence]

   Str+5:     It affects your strength (+5).
   Int+6:     It affects your intelligence (+6).
   Slay+2:    It affects your accuracy & damage with ranged weapons and melee
   (+2).
   rC+:       It protects you from cold.
   Stlth-:    It makes you less stealthy.
   It has a curse which improves the following skills: Cunning: Dodging and
   Stealth.
   Introspection: Fighting and Spellcasting.
 r - the cursed amulet of Ashenzari's Seer (around neck) {rF++ rN+ Will+ RegenMP+ Str+3, Elem, Sorc}
   (You acquired it on level 2 of the Vaults)

   [amulet of magic regeneration]

   It increases your rate of magic regeneration.
   Str+3:     It affects your strength (+3).
   rF++:      It greatly protects you from fire.
   rN+:       It protects you from negative energy.
   Will+:     It increases your willpower.
   RegenMP+:  It increases your rate of magic regeneration.
   It has a curse which improves the following skills: Elements: Fire Magic, Ice
   Magic, Air Magic and Earth Magic.
   Sorcery:   Conjurations and Alchemy.
 w - the cursed ring "Per Aspera Ad Scientiam" (left hand) {Fly Will++ Str+6, Elem, Fort}
   (You acquired it on level 4 of the Snake Pit)

   [ring of strength]

   Str+6:     It affects your strength (+6).
   Will++:    It greatly increases your willpower.
   Fly:       It grants you flight.
   It has a curse which improves the following skills: Elements: Fire Magic, Ice
   Magic, Air Magic and Earth Magic.
   Fortitude: Armour and Shields.
 Q - the ring "Ynijeloo" {rC++ AC+4}
   (You found it in a treasure trove)

   [ring of protection]

   AC+4:      It affects your AC (+4).
   rC++:      It greatly protects you from cold.
Wands
 t - a wand of charming (64)
 M - a wand of warping (42)
 Y - a wand of acid (15)
Scrolls
 e - 7 scrolls of noise
 f - 7 scrolls of immolation
 i - 9 scrolls of teleportation
 m - 12 scrolls of poison
 p - 4 scrolls of amnesia
 D - 5 scrolls of summoning
 H - 6 scrolls of revelation
 L - 15 scrolls of fog
 N - 12 scrolls of vulnerability
 O - 4 scrolls of blinking
 P - 14 scrolls of fear
 R - 4 scrolls of enchant armour
 S - 11 scrolls of enchant weapon
 U - 2 scrolls of silence
 Z - 2 scrolls of brand weapon
Potions
 h - 18 potions of curing
 j - 8 potions of enlightenment
 k - 4 potions of mutation
 q - 7 potions of ambrosia
 s - 2 potions of resistance
 v - 6 potions of heal wounds
 x - 6 potions of haste
 z - 5 potions of berserk rage
 A - 12 potions of might
 B - 3 potions of cancellation
 C - 6 potions of magic
 E - 3 potions of attraction
 G - 6 potions of invisibility
 X - 2 potions of brilliance
Miscellaneous
 c - a tin of tremorstones (2/2)
 l - a lightning rod (4/4)
 F - a phantom mirror
 I - a Gell's gravitambourine (2/2)


   Skills:
 - Level 20.0(24.3) Fighting
 - Level 16.1(20.7) Axes
 + Level 20.0(26.3) Armour
 - Level 12.8(15.2) Dodging
 - Level 1.4(3.0) Stealth
 + Level 20.0(26.3) Shields
 - Level 15.3(20.0) Spellcasting
 - Level 6.1(9.7) Conjurations
 - Level 7.4 Necromancy
 - Level 9.4(15.1) Fire Magic
 - Level 18.5(24.0) Ice Magic
 - Level 2.6(6.9) Air Magic
 - Level 12.0(17.7) Earth Magic
 - Level 5.0(8.4) Alchemy
 - Level 14.3(17.8) Evocations


You had 14 spell levels left.
You knew the following spells:

 Your Spells              Type           Power      Damage    Failure   Level
a - Borgnjor's Vile Clut  Necr/Erth      38%        N/A       1%          5
b - Mercury Vapours       Alch/Air       100%       N/A       1%          2
c - Mephitic Cloud        Conj/Alch/Air  64%        N/A       1%          3
d - Sticky Flame          Fire/Alch      74%        2d12      1%          4
e - Permafrost Eruption   Ice/Erth       48%        2x4d14    0%          6
f - Bombard               Conj/Erth      39%        9d7       1%          6
g - Ozocubu's Refrigerat  Ice            51%        4d18      1%          7
h - Dispel Undead         Necr           61%        3d21      1%          4
i - Lee's Rapid Deconstr  Erth           44%        3d21*     0%          5
j - Polar Vortex          Ice            51%        12d6*     4%          9

Your spell library contained the following spells:

 Spells                   Type           Power      Damage    Failure   Level
 Foxfire                  Conj/Fire      100%       2x1d9     0%          1
 Freeze                   Ice            100%       1d10      0%          1
 Kiss of Death            Conj/Necr      100%       2d13      0%          1
 Sting                    Conj/Alch      100%       1d9       0%          1
 Ensorcelled Hibernation  Hex/Ice        100%       N/A       0%          2
 Frozen Ramparts          Ice            100%       1d16      0%          3
 Hailstorm                Conj/Ice       87%        3d14      0%          3
 Ozocubu's Armour         Ice            100%       N/A       0%          3
 Passwall                 Erth           89%        N/A       0%          3
 Summon Ice Beast         Ice/Summ       75%        N/A       0%          3
 Apportation              Tloc           52%        N/A       1%          1
 Shock                    Conj/Air       100%       1d9       1%          1
 Call Imp                 Summ           52%        N/A       1%          2
 Cigotuvi's Dreadful Rot  Necr/Alch/Air  100%       N/A       1%          2
 Jinxbite                 Hex            52%        N/A       1%          2
 Static Discharge         Conj/Air       100%       3-8/arc   1%          2
 Fugue of the Fallen      Necr           61%        N/A       1%          3
 Swiftness                Air            59%        N/A       1%          3
 Volatile Blastmotes      Fire/Tloc      100%       2d18      1%          3
 Airstrike                Air            29%        2d(5-21)  1%          4
 Anguish                  Hex/Necr       23%        N/A       1%          4
 Animate Dead             Necr           61%        N/A       1%          4
 Fulminant Prism          Conj/Alch      33%        3d15      1%          4
 Ignite Poison            Fire/Alch      74%        N/A       1%          4
 Iskenderun's Mystic Bla  Conj/Tloc      52%        2d11      (+2d61%     4
 Leda's Liquefaction      Alch/Erth      38%        N/A       1%          4
 Martyr's Knell           Necr/Summ      47%        N/A       1%          4
 Olgreb's Toxic Radiance  Alch           64%        N/A       1%          4
 Petrify                  Alch/Erth      77%        N/A       1%          4
 Summon Blazeheart Golem  Fire/Summ      61%        N/A       1%          4
 Summon Lightning Spire   Summ/Air       45%        N/A       1%          4
 Vhi's Electric Charge    Tloc/Air       90%        N/A       1%          4
 Alistair's Intoxication  Alch           42%        N/A       1%          5
 Freezing Cloud           Conj/Ice/Air   39%        6-21      1%          5
 Iskenderun's Battlesphe  Conj           68%        2d12      1%          5
 Metabolic Englaciation   Hex/Ice        37%        N/A       1%          5
 Plasma Beam              Fire/Air       36%        2x1d49    1%          6
 Starburst                Conj/Fire      38%        6d11      1%          6
 Call Canine Familiar     Summ           26%        N/A       2%          3
 Confusing Touch          Hex            26%        N/A       2%          3
 Sigil of Binding         Hex            26%        N/A       2%          3
 Conjure Ball Lightning   Conj/Air       32%        3x3d10    4%          6
 Eringya's Noxious Bog    Alch           32%        4d6       4%          6
 Silence                  Hex/Air        22%        N/A       6%          5
 Dimensional Bullseye     Hex/Tloc       13%        N/A       9%          4
 Passage of Golubria      Tloc           26%        N/A       9%          4
 Ignition                 Fire           41%        3d12      12%         8
 Lehudib's Crystal Spear  Conj/Erth      39%        10d10     22%         8
 Haunt                    Necr/Summ      23%        N/A       88%         7
 Infestation              Necr           30%        N/A       97%         8
 Maxwell's Capacitive Co  Air            29%        ∞         98%         8
 Fire Storm               Conj/Fire      38%        8d10      99%         9
 Manifold Assault         Tloc           13%        N/A       100%        7


Dungeon Overview and Level Annotations

Branches:
Dungeon (15/15)            Temple (1/1) D:6            Lair (5/5) D:9
  Swamp (4/4) Lair:3        Snake (4/4) Lair:3        Slime (0/5) Lair:5
    Orc (2/2) D:9             Elf (3/3) Orc:2        Vaults (5/5) D:13
  Crypt (0/3) Vaults:2     Depths (4/4) D:15            Zot (5/5) Depths:4
 Bailey (visited)           IceCv (visited)         Volcano (visited)

Altars:
Ashenzari
Cheibriados
Dithmenos
Elyvilon
Fedhas
Gozag
Hepliaklqana
Kikubaaqudgha
Makhleb
Nemelex Xobeh
Okawaru
Qazlal
Ru
Sif Muna
Trog
Uskayaw
Vehumet
Wu Jian
Xom
Yredelemnul
Zin
The Shining One
Beogh

Shops:
D:10 (   D:12 ?   Orc:2 [*[*   Elf:1 [   Elf:2 (   Elf:3 :==   Snake:2 *
Snake:3 (   Snake:4 [   Vaults:5 [   Depths:2 ([   Depths:4 :=

Portals:
Hell: Depths:1 Depths:2 Depths:3 Depths:4
Abyss: Depths:3
Pandemonium: Depths:2 Depths:4
Ziggurat: Depths:2

Annotations:
D:12 2 runed translucent doors, redkitty's ghost, journeyman DECj
Lair:5 2 runed translucent doors


Innate Abilities, Weirdness & Mutations

Your spellcasting is much less encumbered by armour.
You can use scrolls of enchantment on lesser artefacts.
Your body sometimes deteriorates upon taking damage.
You are very dopey. (Int -4)
Your flesh is heat resistant. (rF+)
Your muscles are strong. (Str +4, Int/Dex -1)
Your spells are a little easier to cast, but a little less powerful.
You occasionally lose the ability to drink potions when taking damage.


Message History

The Executioner is heavily wounded.
The Executioner closely misses you. You block the Executioner's attack.
The Executioner hits you but does no damage.
You block the Executioner's attack. x2
The Executioner hits you but does no damage.
Casting: Polar Vortex (dangerous; 4% risk of failure)
Confirm with . or Enter, or press ? or * to list all spells.
A great freezing vortex appears around you.
You block the Executioner's attack.
The Executioner hits you but does no damage. x2
You block the Executioner's attack. x2
The Executioner hits you but does no damage.
The Executioner gestures.
The Executioner seems to speed up.
You kill the Executioner!
An efreet comes into view.
It is wielding a +0 scimitar of flaming.
The winds around you start to calm down.
You are engulfed in whirling frost.
The winds around you calm down. The efreet gestures at you.
The fireball explodes!
The fireball engulfs you. You resist.
Casting: Polar Vortex (dangerous; 4% risk of failure)
Confirm with . or Enter, or press ? or * to list all spells.
Bitter cold erupts, blasting rock from the ceiling!
The mass of rock hits the efreet!!!
You kill the efreet!
Piercing cold boils outward!
You hear a sizzling sound!
Unknown command.
Unknown command.
There is an open door here.
There is a staircase leading out of the dungeon here.
Casting: Permafrost Eruption (safe; 0% risk of failure)
Confirm with . or Enter, or press ? or * to list all spells.
You can't see any susceptible monsters within range! (Use Z to cast anyway.) Unknown command.
Casting: Permafrost Eruption (safe; 0% risk of failure)
Confirm with . or Enter, or press ? or * to list all spells.
A great freezing vortex appears around you.
You have escaped!

..................)..............
....................[..........##
##.....................####....##
#.....................##........
#..........########)..##........
#..........#*** #.####........
#..........#*,*####.# #........
############**♣♣ß##.# #........
♣@§'..# #........ ♣♣ß####
#....†..% ### #........ #........
#........ #########


There were no monsters in sight!

Vanquished Creatures
  4 pandemonium lords
  3 ancient liches
  3 dread liches
  8 orbs of fire
  Mara (D:15)
  A juggernaut (Depths:2)
  Xtahua (Depths:4)
  Bai Suzhen (D:15)
  Vv (Depths:4)
  Vashnia (Snake:2)
  A curse toe (Zot:3)
  3 Killer Klowns
  3 caustic shrikes (Depths:2)
  10 golden dragons
  Nikola (Elf:2)
  Norris (Vaults:1)
  2 bone dragons
  2 electric golems
  A Brimstone Fiend (Zot:2)
  Jorgrun (Snake:2)
  21 tentacled monstrosities
  3 deep elf blademasters
  4 liches
  30 Orb Guardians
  8 quicksilver dragons
  A walking frostbound tome (Depths:2)
  A walking divine tome (Depths:4)
  A titan (Vaults:5)
  6 sphinxes
  3 death cobs
  An Executioner (D:1)
  2 deep elf master archers (Elf:3)
  Agnes (Elf:1)
  Donald (Snake:2)
  9 tengu reavers
  15 storm dragons
  4 draconian monks
  16 nagarajas
  10 shadow dragons
  Aizul (Snake:4)
  2 protean progenitors (Zot:5)
  9 frost giants
  3 draconian knights
  A fenstrider witch (Swamp:4)
  9 fire giants
  7 deep elf sorcerers
  2 draconian scorchers
  3 draconian shifters
  23 vault wardens
  5 ghost moths
  2 iron dragons
  4 balrugs
  A draconian annihilator (Zot:1)
  5 deep elf elementalists (Elf:3)
  17 very ugly things
  A cacodemon (D:14)
  A demonspawn blood saint (Zot:1)
  4 formless jellyfish
  2 ghouls (Swamp:2)
  A spriggan defender (Depths:4)
  13 ironbound preservers
  A draconian stormcaller (Zot:2)
  4 orc warlords
  20 stone giants
  4 reapers
  2 vampire knights (Depths:2)
  9 green draconians
  9 ironbound thunderhulks
  8 deep elf death magi
  A juggernaut skeleton (Depths:2)
  3 eleionomae
  7 deep elf demonologists (Elf:3)
  13 deep elf annihilators
  A lorocyproca (D:3)
  7 white draconians
  3 purple draconians
  11 dire elephants
  6 black draconians
  6 war gargoyles
  6 yellow draconians
  3 bunyips
  6 red draconians
  16 spark wasps
  9 fire dragons
  12 yaktaur captains
  An entropy weaver (Vaults:4)
  2 crystal guardians (Vaults:2)
  8 great orbs of eyes
  2 shambling mangroves
  5 ettins
  5 deep elf high priests
  20 hydras
  30 vault guards
  10 ice dragons
  2 spriggan air magi
  4 rakshasas
  3 hell beasts
  4 peacekeepers
  8 alligators
  7 ogre magi
  3 ghost crabs
  9 ironbound frosthearts
  A sphinx zombie (Depths:1)
  11 centaur warriors
  22 two-headed ogres
  24 dancing weapons
  10 boulder beetles
  9 anacondas
  7 deep troll shamans
  2 hell hogs (Depths:3)
  9 death yaks
  2 vampire magi
  16 naga warriors
  3 demonic crawlers (Elf:3)
  4 orc high priests (Orc:2)
  22 naga sharpshooters
  5 spriggan berserkers
  4 deep troll earth magi
  4 tengu warriors
  6 shock serpents
  3 soul eaters
  5 hell knights
  An occultist (Depths:2)
  2 storm dragon zombies (D:15)
  4 salamander mystics
  6 sun demons
  18 deep elf knights
  8 iron trolls
  3 skysharks
  2 sixfirhies
  3 skeletal warriors (D:15)
  2 sea snakes (Snake:4)
  A fire crab (shapeshifter) (Vaults:5)
  2 spark wasp zombies (Depths:1)
  A golden dragon zombie (Depths:2)
  2 goliath frogs (Swamp:1)
  13 mana vipers
  4 spriggan druids
  4 glowing orange brains
  3 spectral hydras (Swamp:4)
  3 flayed ghosts
  4 spectral alligators (Swamp:4)
  5 swamp dragons
  14 arcanists
  15 deep elf archers
  22 ironbound convokers
  8 naga ritualists
  A lindwurm (shapeshifter) (Depths:2)
  A sun moth (shapeshifter) (Vaults:4)
  47 deep trolls
  16 harpies
  5 bog bodies
  13 deep elf pyromancers
  2 thermic dynamos (Elf:3)
  6 necromancers
  12 orc knights
  5 lindwurms
  2 obsidian bats (Orc:2)
  10 phantasmal warriors
  A harpy (shapeshifter) (Depths:2)
  27 deep elf zephyrmancers
  58 ugly things
  A stone giant zombie (Depths:1)
  An oklob plant (D:7)
  An alligator zombie (Swamp:4)
  A cyclops (D:14)
  4 manticores
  4 orc sorcerers (Orc:2)
  A tengu skeleton (Depths:2)
  2 will-o-the-wisps
  An iron dragon skeleton (Depths:1)
  9 kobold blastminers (Orc:2)
  23 vault sentinels
  14 salamanders
  An iron dragon zombie (Depths:2)
  26 moths of wrath
  3 meliai (D:12)
  A frost giant skeleton (Depths:1)
  2 ice statues (IceCv)
  15 naga magi
  4 rust devils
  45 black mambas
  8 guardian serpents
  15 cane toads
  A torpor snail (Lair:1)
  6 smoke demons (Depths:3)
  A torpor snail (shapeshifter) (Depths:3)
  A gargoyle (D:13)
  2 orange demons
  A storm dragon simulacrum (Depths:2)
  An unseen horror (D:9)
  4 molten gargoyles
  2 efreet
  8 rime drakes
  12 komodo dragons
  2 freezing wraiths
  4 swamp worm zombies (Swamp:4)
  7 ice devils
  29 yaktaurs
  7 tengu conjurers
  2 red devils (D:15)
  2 hydra zombies (Swamp:4)
  A merfolk (shapeshifter) (Vaults:5)
  4 tyrant leeches
  2 bloated husks
  A queen bee (D:12)
  4 trolls
  A tengu simulacrum (Depths:1)
  9 hornets
  22 blink frogs
  A raiju (shapeshifter) (D:14)
  6 dream sheep (Lair:5)
  A stone giant simulacrum (Depths:1)
  4 glass eyes
  A spectral swamp dragon (Swamp:4)
  24 slime creatures
  A spriggan (shapeshifter) (Elf:2)
  A vampire (D:12)
  59 yaks
  2 shadows
  2 air elementals (Elf:3)
  6 wyverns
  4 dire elephant simulacra (IceCv)
  2 ynoxinuls
  12 spriggans
  2 wraiths
  2 fire bats
  2 water elementals (Elf:1)
  6 tyrant leech zombies (Swamp:4)
  2 redbacks (shapeshifter)
  12 basilisks
  A fire elemental (Elf:2)
  A steam dragon (D:8)
  A human (D:13)
  14 vampire mosquitoes
  2 wargs (Orc:2)
  A harpy simulacrum (IceCv)
  38 nagas
  A glowing shapeshifter zombie (Depths:1)
  15 swamp worms
  5 acid dragons
  5 hydra simulacra (IceCv)
  28 water moccasins
  6 hell hounds
  51 orc warriors
  3 ice beasts
  5 swamp dragon zombies (Swamp:4)
  A black bear (shapeshifter) (Zot:4)
  2 sky beasts
  4 black bears
  A swamp drake (Swamp:3)
  A laughing skull (D:9)
  13 ogres
  2 boggarts (Elf:1)
  21 wolves
  13 centaurs
  6 phantoms
  12 bullfrogs
  12 kobold brigands
  2 gnoll sergeants
  3 scorpions
  A cane toad simulacrum (IceCv)
  2 earth elementals (Elf:3)
  15 wights
  22 killer bees
  3 howler monkeys (D:9)
  10 lava snakes
  A bombardier beetle (D:5)
  29 orc priests
  4 hounds
  2 jellies
  2 iguanas (D:5)
  14 orc wizards
  A polar bear simulacrum (IceCv)
  11 adders
  4 gnolls (D:9)
  A naga simulacrum (IceCv)
  14 white imps
  3 ufetubi
  A dart slug (D:2)
  5 ribbon worms
  110 orcs
  4 ball pythons
  6 bats
  7 endoplasms
  10 goblins
  8 hobgoblins
  30 kobolds
  3 quokkas
  2 frilled lizards
  5 aspiring fleshes (Zot:5)
2187 creatures vanquished.

Vanquished Creatures (collateral kills)
  Asterion (Snake:1)
  A deep troll earth mage (Vaults:5)
  A killer bee (D:8)
  An iguana (D:5)
4 creatures vanquished.

Vanquished Creatures (others)
  A nagaraja (Snake:4)
  A bunyip (Swamp:3)
  A vault guard (Vaults:3)
  A hydra (Swamp:3)
  An alligator (Swamp:4)
  An anaconda (Snake:4)
  A deep elf zephyrmancer (Elf:2)
  2 deep elf pyromancers (Elf:2)
  An arcanist (D:8)
  A cyclops (shapeshifter) (Vaults:5)
  A red devil (D:13)
  7 bloated husks
  A swamp worm (Swamp:2)
  A naga (Snake:4)
  3 phantoms (Swamp:4)
  An orc (Orc:2)
  6 foxfires
31 creatures vanquished.

Grand Total: 2222 creatures vanquished

Notes
Turn   | Place    | Note
-------+----------+-------------------------------------------
     0 | D:1      | starberry the Mountain Dwarf Alchemist began the quest for
                  | the Orb.
     0 | D:1      | Reached XP level 1. HP: 14/14 MP: 3/3
    13 | D:1      | Reached skill level 1 in Conjurations
   264 | D:1      | Reached XP level 2. HP: 20/20 MP: 3/5
   267 | D:1      | Learned a level 2 spell: Mercury Vapours
   967 | D:2      | Identified the orb of the Realm of Zot {guile, rF++}
  1280 | D:2      | Found a faded altar of an unknown god.
  1682 | D:2      | Reached XP level 3. HP: 21/26 MP: 1/6
  1889 | D:2      | Found a glowing silver altar of Zin.
  2409 | D:3      | Learned a level 3 spell: Mephitic Cloud
  2519 | D:3      | Found an ornate altar of the Wu Jian Council.
  2649 | D:3      | Reached skill level 1 in Air Magic
  2993 | D:3      | HP: 1/26 [constriction (1)]
  3016 | D:3      | Reached XP level 4. HP: 5/33 MP: 2/7
  3276 | D:4      | Found a stormy altar of Qazlal.
  3713 | D:5      | Entered Level 5 of the Dungeon
  3757 | D:5      | Found a hazy altar of Hepliaklqana.
  3826 | D:5      | Noticed a centaur
  3847 | D:5      | Killed a centaur
  3848 | D:5      | Reached XP level 5. HP: 38/38 MP: 6/9
  3888 | D:5      | Found a sparkling altar of Nemelex Xobeh.
  3941 | D:5      | Noticed a water moccasin
  3963 | D:5      | Reached skill level 1 in Evocations
  4023 | D:5      | Reached XP level 6. HP: 14/45 MP: 10/10
  4140 | D:4      | Learned a level 4 spell: Sticky Flame
  4255 | D:4      | HP: 1/45 [black bear (2)]
  4266 | D:4      | Reached skill level 1 in Fire Magic
  4484 | D:6      | Found a broken altar of Ashenzari.
  4517 | D:6      | Became a worshipper of Ashenzari the Shackled
  4751 | D:6      | Reached XP level 7. HP: 40/50 MP: 13/13
  4949 | D:6      | Found a staircase to the Ecumenical Temple.
  5130 | D:6      | Identified the ring of Happiness {*Corrode Fly Str+3
                  | Slay+2}
  5153 | Temple   | Entered the Ecumenical Temple
  5272 | D:6      | Learned a level 1 spell: Kiss of Death
  5611 | D:6      | Reached skill level 5 in Fire Magic
  5728 | D:6      | Reached skill level 1 in Necromancy
  6064 | D:6      | Reached XP level 8. HP: 45/57 MP: 6/14
  7357 | D:7      | Reached skill level 5 in Spellcasting
  7626 | D:7      | Reached XP level 9. HP: 37/62 MP: 8/16
  7885 | D:7      | Found a blossoming altar of Fedhas.
  7896 | D:7      | Noticed an oklob plant
  8133 | D:8      | Found a bloodstained altar of Trog.
  8134 | D:8      | Noticed a wizard
  8139 | D:8      | Killed a wizard
  8314 | D:8      | Reached * piety under Ashenzari
  8463 | D:8      | Reached skill level 1 in Fighting
  8505 | D:8      | Found a flagged portal.
  8530 | Bailey   | Entered a bailey
  8858 | Bailey   | Noticed an orc knight
  8885 | Bailey   | Killed an orc knight
  9009 | Bailey   | Found a bloodstained altar of Trog.
  9132 | D:8      | Reached skill level 1 in Axes
  9220 | D:8      | Reached skill level 5 in Fighting
  9322 | D:8      | Found a burning altar of Makhleb.
  9324 | D:8      | Found an ancient bone altar of Kikubaaqudgha.
  9364 | D:8      | Found a sacrificial altar of Ru.
  9654 | D:8      | Noticed a sixfirhy
  9655 | D:8      | Found a runed translucent door.
  9688 | D:8      | Reached XP level 10. HP: 63/82 MP: 16/19
 10057 | D:9      | Learned a level 4 spell: Dispel Undead
 10071 | D:9      | Found a staircase to the Lair.
 10499 | D:9      | Reached skill level 5 in Necromancy
 10585 | D:9      | Found a shimmering blue altar of Sif Muna.
 10648 | D:9      | Reached skill level 5 in Axes
 10651 | D:9      | Found a staircase to the Orcish Mines.
 11449 | D:9      | Found a shadowy altar of Dithmenos.
 11830 | D:9      | Noticed a two-headed ogre
 11857 | D:9      | Killed a two-headed ogre
 11982 | D:9      | Noticed a two-headed ogre
 12009 | D:9      | Killed a two-headed ogre
 12085 | D:9      | Reached skill level 10 in Axes
 12143 | D:9      | Reached XP level 11. HP: 86/89 MP: 11/20
 12248 | D:9      | Noticed an arcanist
 12248 | D:9      | Noticed a boulder beetle
 12398 | D:9      | Killed an arcanist
 12630 | D:9      | Reached skill level 1 in Armour
 12874 | D:9      | Killed a boulder beetle
 13267 | Lair:1   | Entered Level 1 of the Lair of Beasts
 13340 | D:10     | Entered Level 10 of the Dungeon
 13764 | D:10     | Found a glowing golden altar of the Shining One.
 13810 | D:10     | Found Ivifupn's Weapon Shoppe.
 13814 | D:10     | Reached ** piety under Ashenzari
 13883 | D:10     | Noticed a two-headed ogre
 13922 | D:10     | Killed a two-headed ogre
 14373 | D:10     | Reached skill level 5 in Armour
 14676 | D:10     | Found a shimmering altar of Xom.
 15879 | Lair:1   | Reached XP level 12. HP: 83/96 MP: 16/21
 16127 | Lair:1   | Reached skill level 5 in Alchemy
 17797 | Lair:2   | Noticed a boulder beetle
 17818 | Lair:2   | Killed a boulder beetle
 17992 | Lair:2   | Noticed a six-headed hydra
 18077 | Lair:1   | Reached skill level 15 in Axes
 18087 | Lair:1   | Reached *** piety under Ashenzari
 18433 | Lair:3   | Found a staircase to the Snake Pit.
 18474 | Lair:3   | Reached skill level 10 in Armour
 18912 | Lair:3   | Reached XP level 13. HP: 72/105 MP: 17/22
 19084 | Lair:3   | Found the +8 whip "Snakebite" {venom, curare, rPois}
 19626 | Lair:3   | Found a staircase to the Swamp.
 19840 | Lair:2   | Reached skill level 1 in Shields
 19955 | Lair:2   | Identified the +7 sling "Beastbane" {freeze, rC- rN+ Int+2}
 20160 | Lair:2   | Identified the cursed +0 cloak of the Bound Cosmos {Elem,
                  | Dev} (You found it on level 1 of the Lair of Beasts)
 20160 | Lair:2   | Identified the cursed +2 ring mail "Chained Secrets"
                  | {rPois, Melee, Elem} (You took it off an orc on level 9 of
                  | the Dungeon)
 21449 | Lair:5   | Entered Level 5 of the Lair of Beasts
 21707 | Lair:4   | Reached skill level 5 in Shields
 22129 | Lair:5   | Reached skill level 5 in Evocations
 22418 | Lair:5   | Reached skill level 10 in Fighting
 23259 | Lair:5   | Reached XP level 14. HP: 81/121 MP: 2/23
 23754 | Lair:5   | Reached **** piety under Ashenzari
 23864 | Lair:5   | Identified the +8 great mace of Ocupsuz {speed, rF+ Str+4
                  | Int+3}
 23930 | Lair:5   | Found a large runed translucent door.
 24316 | Lair:5   | Found a large runed translucent door.
 24645 | Lair:5   | Found a staircase to the Slime Pits.
 25574 | Orc:1    | Entered Level 1 of the Orcish Mines
 25611 | Orc:1    | Found a dark tunnel.
 25616 | Volcano  | Entered a volcano
 26295 | Volcano  | Found a radiant altar of Vehumet.
 27236 | Orc:2    | Entered Level 2 of the Orcish Mines
 27922 | Orc:2    | Noticed an orc warlord
 27939 | Orc:2    | Killed an orc warlord
 28529 | Orc:2    | Found a roughly hewn altar of Beogh.
 28704 | Orc:2    | Found Ovvona's Assorted Antiques.
 28828 | Orc:2    | Bought a pair of glowing boots for 262 gold pieces
 29534 | Orc:2    | Found Mehak's Antique Armour Shoppe.
 29540 | Orc:2    | Bought a pair of smouldering boots for 237 gold pieces
 29540 | Orc:2    | Identified the +0 pair of boots of the Volcano {Rampage}
                  | (You bought it in a shop on level 2 of the Orcish Mines)
 29542 | Orc:2    | Bought a pair of gloves for 112 gold pieces
 29894 | Orc:2    | Found a staircase to the Elven Halls.
 30293 | Orc:2    | Noticed an orc warlord
 30324 | Orc:2    | Killed an orc warlord
 30619 | Orc:2    | Reached XP level 15. HP: 127/139 MP: 27/27
 30928 | Orc:2    | Found Tugatomiu's Assorted Antiques.
 31079 | Orc:2    | Found Gieb's Armour Shoppe.
 31115 | Orc:2    | Found a roughly hewn altar of Beogh.
 31448 | Orc:2    | Bought a +2 pair of gloves for 231 gold pieces
 31487 | Orc:2    | Bought a jewelled plate armour for 700 gold pieces
 31487 | Orc:2    | Identified the +9 plate armour of Dowdy Satisfaction {rCorr
                  | Str+5 Dex-3} (You bought it in a shop on level 2 of the
                  | Orcish Mines)
 31705 | D:11     | Found a frozen archway.
 31745 | IceCv    | Entered an ice cave
 33666 | D:12     | Found Moum's Magic Scroll Boutique.
 33673 | D:12     | Bought a scroll of brand weapon for 152 gold pieces
 33673 | D:12     | Bought a scroll of teleportation for 48 gold pieces
 33838 | D:12     | Found a runed translucent door.
 33844 | D:12     | Noticed redkitty's ghost (journeyman DECj)
 33844 | D:12     | Noticed a lich
 33849 | D:12     | Found a runed translucent door.
 35474 | D:13     | Identified 3 scrolls of acquirement
 35492 | D:13     | Acquired 438 gold pieces
 35494 | D:13     | Acquired 1058 gold pieces
 35496 | D:13     | Acquired the +0 pair of boots "Ustrisewoy" {rElec rPois
                  | Dex+2}
 35537 | D:13     | Found a gate to the Vaults.
 35861 | D:14     | Reached skill level 5 in Dodging
 36361 | D:15     | Entered Level 15 of the Dungeon
 36464 | D:15     | Reached XP level 16. HP: 144/152 MP: 28/28
 36930 | D:15     | Found a staircase to the Depths.
 38525 | Snake:1  | Entered Level 1 of the Snake Pit
 39294 | Snake:1  | Noticed Asterion
 39361 | Snake:1  | Killed Asterion
 39668 | Snake:2  | Noticed Donald
 39943 | Snake:2  | Killed Donald
 40234 | Snake:2  | Found Kamoah's Neck Hole.
 40374 | Snake:2  | Reached skill level 15 in Fighting
 40395 | Snake:2  | Identified the +8 dagger of Weluzet {heavy, Int+4 Dex-4
                  | SInv}
 41045 | Snake:2  | Identified the Atlas of the Sky and the Wendigo
 41077 | Snake:2  | Noticed Vashnia
 41184 | Snake:2  | Killed Vashnia
 41266 | Snake:2  | Noticed Jorgrun
 41298 | Snake:2  | Killed Jorgrun
 41969 | Snake:2  | Reached XP level 17. HP: 127/163 MP: 32/32
 42376 | Snake:3  | Reached skill level 15 in Armour
 42443 | Snake:3  | Reached skill level 1 in Ice Magic
 42449 | Snake:3  | Reached skill level 1 in Earth Magic
 42460 | Snake:3  | Identified Majidghuw's Papyrus of Kinetic Assembling
 42524 | Snake:3  | Acquired 608 gold pieces
 42834 | Snake:3  | Found Boawk's Antique Weapon Shoppe.
 43723 | Snake:4  | Entered Level 4 of the Snake Pit
 43727 | Snake:4  | Found Pouxzik's Antique Armour Shop.
 44064 | Snake:4  | Identified the +7 broad axe of Neegh {pain, Will+ Int+3}
 44292 | Snake:4  | Identified the serpent talisman of Kikubaaqudgha's Pride
                  | {Int+3}
 44292 | Snake:4  | Noticed Aizul
 44309 | Snake:4  | Killed Aizul
 44444 | Snake:4  | Reached skill level 10 in Shields
 44598 | Snake:4  | Identified the +3 whip of the Hills {freeze, rC++}
 46571 | Snake:4  | Reached XP level 18. HP: 172/172 MP: 33/33
 47524 | Snake:4  | Got a serpentine rune of Zot
 47530 | Snake:4  | Acquired the ring "Taric" {Fly Will++ Str+6}
 47731 | Swamp:1  | Entered Level 1 of the Swamp
 47752 | Swamp:1  | Reached skill level 5 in Ice Magic
 48032 | Swamp:1  | Reached skill level 5 in Earth Magic
 48039 | Swamp:1  | Learned a level 6 spell: Permafrost Eruption
 49380 | Swamp:2  | Identified the +1 leather armour "Zeupic Bohu" {Fly rElec
                  | Int-4}
 49388 | Swamp:2  | Identified the +9 broad axe of the Leaping Visionary
                  | {flame, rC+}
 50474 | Swamp:4  | Entered Level 4 of the Swamp
 50488 | Swamp:4  | Reached skill level 10 in Ice Magic
 50588 | Swamp:4  | Reached ***** piety under Ashenzari
 51254 | Swamp:4  | Noticed a bone dragon
 51278 | Swamp:4  | Killed a bone dragon
 51287 | Swamp:4  | Got a decaying rune of Zot
 51800 | Vaults:1 | Entered Level 1 of the Vaults
 51807 | Vaults:1 | Reached XP level 19. HP: 150/179 MP: 34/34
 51815 | Vaults:1 | Reached skill level 10 in Earth Magic
 52581 | Vaults:1 | Noticed Norris
 52813 | Vaults:2 | Reached skill level 10 in Spellcasting
 52888 | Vaults:2 | Acquired the Compendium of Rime
 52890 | Vaults:2 | Acquired the +2 pair of gloves "Vuerery" {rElec Int+3
                  | Dex+3}
 52903 | Vaults:2 | Acquired the amulet "Wacomeesa" {rF++ rN+ Will+ RegenMP+
                  | Str+3}
 53124 | Vaults:2 | Found a staircase to the Crypt.
 53124 | Vaults:2 | Found a basalt altar of Yredelemnul.
 53124 | Vaults:2 | Found an ancient bone altar of Kikubaaqudgha.
 53220 | Vaults:2 | Paralysed by a formless jellyfish for 1 turns
 53856 | Vaults:2 | Identified the +2 helmet "Awkac" {Str+4 Int+6}
 53968 | Vaults:2 | Identified the +5 chain mail of the Past {Int+6 Dex-5}
 54535 | Vaults:1 | Identified the +8 bardiche of Balance {vamp, *Slow rElec
                  | MP+9}
 54582 | Vaults:1 | Killed Norris
 54757 | Vaults:1 | Learned a level 5 spell: Borgnjor's Vile Clutch
 54902 | Vaults:1 | Reached XP level 20. HP: 170/184 MP: 34/34
 55697 | Vaults:3 | Found a portal to a secret trove of treasure.
 58300 | Vaults:4 | Reached XP level 21. HP: 124/201 MP: 37/37
 58467 | Vaults:4 | Learned a level 7 spell: Ozocubu's Refrigeration
 58721 | Vaults:5 | Entered Level 5 of the Vaults
 59099 | Vaults:4 | Reached skill level 15 in Shields
 59148 | Vaults:5 | Noticed a dread lich
 59156 | Vaults:5 | Noticed a dread lich
 59166 | Vaults:5 | Noticed a golden dragon
 59612 | Vaults:5 | Identified the +7 dagger of Resourcefulness {freeze, rElec
                  | rN+ Str+2}
 59897 | Vaults:5 | Identified the death talisman "Poibbail" {rElec Str+2
                  | Int+3}
 59908 | Vaults:5 | Noticed a dread lich
 59930 | Vaults:4 | Killed a dread lich
 59945 | Vaults:4 | Killed a golden dragon
 59946 | Vaults:4 | Reached skill level 10 in Evocations
 60536 | Vaults:5 | Noticed a golden dragon
 60552 | Vaults:5 | Killed a golden dragon
 60587 | Vaults:5 | Killed a dread lich
 60806 | Vaults:5 | Learned a level 6 spell: Bombard
 60810 | Vaults:5 | Identified the +3 arbalest of Ivagg {heavy, rF++ Will+
                  | Int-4}
 60859 | Vaults:5 | Identified the +6 flail "Zyqinun" {heavy, rElec rF- Str+3}
 60876 | Vaults:5 | Killed a dread lich
 60985 | Vaults:5 | Identified the +7 chain mail of Lightning Storm {rElec
                  | Str-3 Dex+3}
 61082 | Vaults:5 | Found Diqupo's Antique Armour Boutique.
 61360 | Vaults:5 | Got a silver rune of Zot
 61698 | Depths:1 | Entered Level 1 of the Depths
 61698 | Depths:1 | Noticed Mara
 61705 | Depths:1 | Noticed starberry's illusion
 61718 | D:15     | Noticed starberry's illusion
 61821 | D:15     | Noticed starberry's illusion
 61822 | D:15     | Killed Mara
 61925 | D:15     | Reached XP level 22. HP: 207/209 MP: 38/38
 61963 | D:15     | Reached skill level 5 in Conjurations
 61978 | Depths:1 | Noticed Bai Suzhen
 62024 | D:15     | Killed Bai Suzhen
 62134 | Depths:1 | Found a gateway to Hell.
 62254 | Depths:1 | Found a flickering gateway to a bazaar.
 62260 | Bazaar   | Entered a bazaar
 62274 | Bazaar   | Found Buiss's Armour Emporium.
 62274 | Bazaar   | Found Ynudo's Jewellery Shoppe.
 62279 | Bazaar   | Bought a scarf of resistance for 384 gold pieces
 62296 | Bazaar   | Found Qyca's Weapon Shoppe.
 62312 | Bazaar   | Found Suuny's Weapon Shoppe.
 62327 | Bazaar   | Found Ubuniss's Magic Scroll Emporium.
 62327 | Bazaar   | Found Qimosmer's Armour Shoppe.
 62332 | Bazaar   | Bought a scroll of fear for 44 gold pieces
 62332 | Bazaar   | Bought a scroll of fog for 44 gold pieces
 62332 | Bazaar   | Bought a scroll of teleportation for 33 gold pieces
 62332 | Bazaar   | Bought a scroll of enchant weapon for 82 gold pieces
 62332 | Bazaar   | Bought a scroll of teleportation for 33 gold pieces
 62789 | Depths:2 | Found a one-way gateway to a ziggurat.
 62789 | Depths:2 | Noticed an ancient lich
 62900 | Depths:2 | Learned a level 5 spell: Lee's Rapid Deconstruction
 62913 | Depths:2 | Killed an ancient lich
 62914 | Depths:2 | Noticed a golden dragon
 62990 | Depths:2 | Killed a golden dragon
 63032 | Depths:2 | Noticed a caustic shrike
 63048 | Depths:2 | Killed a caustic shrike
 63257 | Depths:2 | Found a glowing silver altar of Zin.
 63521 | Depths:2 | Found a one-way gate leading to the halls of Pandemonium.
 63582 | Depths:2 | Found Xatidaor's Antique Armour Emporium.
 63739 | Depths:2 | Found Zaetext's Antique Weapon Emporium.
 63933 | Depths:2 | Noticed a juggernaut
 63934 | Depths:2 | Noticed a juggernaut
 63951 | Depths:2 | Killed a juggernaut
 64154 | Depths:2 | Identified the +0 leather armour "Atewa" {Fly rElec rPois}
 64417 | Depths:2 | Noticed a caustic shrike
 64424 | Depths:2 | Killed a caustic shrike
 64785 | Depths:2 | Noticed a caustic shrike
 64796 | Depths:2 | Killed a caustic shrike
 64832 | Depths:2 | Identified the +2 scimitar of Laloacuil {venom, rElec rC+
                  | Str-3}
 65096 | Depths:3 | Found a one-way gate to the infinite horrors of the Abyss.
 65314 | Depths:3 | Noticed a golden dragon
 65314 | Depths:3 | Identified the +1 dagger "Ygutsetuesch" {flame, *Slow rElec
                  | rPois Str+3}
 65336 | Depths:3 | Killed a golden dragon
 65337 | Depths:3 | Reached XP level 23. HP: 219/222 MP: 41/43
 65417 | Depths:3 | Identified the +1 robe of Hospitality {Harm +Inv Str+3
                  | Slay-5}
 65620 | Depths:3 | Identified the Discursus on Hurting
 66347 | Depths:3 | Identified the +0 demon whip "Ofaampeish" {speed, Will+
                  | Int+4}
 66904 | Depths:4 | Entered Level 4 of the Depths
 67067 | Depths:4 | Found Vuedol Unwa's Self-Published Books.
 67717 | Vaults:3 | You paid a toll of 16 scrolls of teleportation to enter a
                  | treasure trove
 67718 | Trove    | Entered a treasure trove
 67720 | Trove    | Identified the ring "Degugh" {rC+ Will+ Str+4 Int+5 Slay-5}
 67720 | Trove    | Identified the ring "Qudaoceo" {rPois rF+ Dex+4 Slay-3}
 67720 | Trove    | Identified the ring of Gedog {*Corrode Str+2 Int+6 Dex+5}
 67720 | Trove    | Identified the ring "Ateas" {rPois rCorr AC+4 Str+3 Dex+2}
 67721 | Trove    | Identified the amulet of Zokh {Regen+ Int+3 Dex+2}
 67721 | Trove    | Identified the amulet of the Morning {Regen+ Int+5}
 67721 | Trove    | Identified the ring "Ynijeloo" {rC++ AC+4}
 67721 | Trove    | Identified the amulet of Gosaib {+Inv Will+ RegenMP+ rCorr
                  | Dex-4}
 68038 | Depths:4 | Noticed Vv
 68101 | Depths:3 | Reached ****** piety under Ashenzari
 68440 | Depths:4 | Found Hutes's Jewellery Emporium.
 68514 | Depths:4 | Noticed Xtahua
 68538 | Depths:4 | Killed Xtahua
 68754 | Depths:4 | Bought the ring "Hemekkie" {rC+ Str+5 Int+6 Slay+2 Stlth-}
                  | for 945 gold pieces
 68766 | Depths:4 | Learned a level 9 spell: Polar Vortex
 69063 | Depths:4 | Found a gate to the Realm of Zot.
 69499 | Elf:1    | Entered Level 1 of the Elven Halls
 69616 | Elf:1    | Noticed Agnes
 69617 | Elf:1    | Found Yzurph's Antique Armour Boutique.
 69620 | Elf:1    | Killed Agnes
 70124 | Elf:1    | Found a radiant altar of Vehumet.
 70212 | Elf:2    | Identified the +5 war axe "Nachoife" {vamp, Int-3 Dex+5
                  | SInv}
 70231 | Elf:2    | Found Qacarola's Antique Weapon Emporium.
 70476 | Elf:2    | Identified the +10 scale mail of Jutuann {Rampage rPois
                  | rF+}
 70676 | Elf:2    | Found a runed translucent gate.
 70676 | Elf:2    | Found a runed translucent gate.
 70682 | Elf:2    | Found a runed translucent gate.
 70871 | Elf:2    | Reached XP level 24. HP: 69/234 MP: 42/44
 70875 | Elf:2    | Noticed Nikola
 71227 | Elf:2    | Killed Nikola
 71650 | Elf:3    | Entered Level 3 of the Elven Halls
 71690 | Elf:3    | Reached skill level 15 in Ice Magic
 71821 | Elf:3    | Found Rodutrell's Book Shop.
 71822 | Elf:3    | Found Nuyzeney's Jewellery Emporium.
 71822 | Elf:3    | Found Iromnoj's Jewellery Emporium.
 72454 | Elf:3    | Identified the +2 great sword of Esajibun {vamp, *Corrode
                  | rC+ Str+2 Int+2}
 72454 | Elf:3    | Identified the ring "Vas Voza" {Fly rC+}
 72462 | Elf:3    | Identified the ring of Woepec {rN+ Int+4}
 72540 | Elf:3    | Identified the +8 morningstar of Callousness {pain, Str+4}
 72683 | Elf:3    | Identified the Omnibus of the Sphinx and the Impact
 72705 | Elf:3    | Identified the staff of Gloom {rElec Str+2 Fire Air}
 72705 | Elf:3    | Identified the staff of Change {Str-5 Int+5 Dex+4 Conj
                  | Hexes}
 72705 | Elf:3    | Identified the +4 falchion of Kuivas {pain, Int+3 Dex+4}
 72707 | Elf:3    | Identified the +5 spear of Disembowelment {drain, rF+}
 72709 | Elf:3    | Identified the staff of Reapportionment {rPois rCorr Int+3
                  | Earth}
 72980 | Elf:3    | Paralysed by an air elemental for 1 turns
 73616 | Depths:4 | Killed Vv
 73806 | Zot:1    | Entered Level 1 of the Realm of Zot
 73809 | Zot:1    | Found a burning altar of Makhleb.
 73867 | Zot:1    | Noticed an orb of fire
 73882 | Zot:1    | Killed an orb of fire
 75683 | Zot:3    | Noticed an orb of fire
 75685 | Zot:3    | Gained mutation: Your body sometimes deteriorates upon
                  | taking damage. [an orb of fire]
 75693 | Zot:3    | Killed an orb of fire
 75694 | Zot:3    | Reached XP level 25. HP: 187/247 MP: 41/46
 75886 | Zot:3    | Reached skill level 15 in Spellcasting
 76194 | Zot:3    | Noticed an orb of fire
 76194 | Zot:3    | Gained mutation: You are dopey. (Int -2) [an orb of fire]
 76209 | Zot:3    | Killed an orb of fire
 76940 | Zot:4    | Noticed a Killer Klown
 76945 | Zot:4    | Killed a Killer Klown
 77562 | Zot:4    | Identified the +0 ring mail of the Pits of Slime {Harm
                  | Int+3 Dex+5}
 78211 | Zot:5    | Entered Level 5 of the Realm of Zot
 78218 | Zot:5    | Reached skill level 10 in Dodging
 78748 | Zot:5    | Noticed an orb of fire
 78752 | Zot:5    | Noticed an orb of fire
 78752 | Zot:5    | Noticed an orb of fire
 78755 | Zot:5    | Noticed an orb of fire
 78756 | Zot:5    | Noticed an orb of fire
 78759 | Zot:5    | Gained mutation: You are frail. (-10% HP) [an orb of fire]
 78764 | Zot:5    | Gained mutation: You occasionally lose the ability to drink
                  | potions when taking damage. [an orb of fire]
 78767 | Zot:5    | Gained mutation: Your movements are slightly less
                  | encumbered by armour. (ER -2) [an orb of fire]
 78768 | Zot:5    | Gained mutation: Your spells are a little easier to cast,
                  | but a little less powerful. [an orb of fire]
 79100 | Zot:5    | Gained mutation: Your health recovers twice as slowly from
                  | being drained. [an orb of fire]
 79101 | Zot:5    | Gained mutation: You have hidden genetic defects. [an orb
                  | of fire]
 79104 | Zot:5    | Gained mutation: You occasionally shout uncontrollably at
                  | your foes. [an orb of fire]
 79106 | Zot:5    | Killed an orb of fire
 79106 | Zot:5    | Killed an orb of fire
 79106 | Zot:5    | Killed an orb of fire
 79106 | Zot:5    | Killed an orb of fire
 79106 | Zot:5    | Noticed an ancient lich
 79106 | Zot:5    | Gained mutation: You are very dopey. (Int -4) [an orb of
                  | fire]
 79125 | Zot:4    | Killed an orb of fire
 79425 | Zot:4    | Lost mutation: You are frail. (-10% HP) [potion of
                  | mutation]
 79425 | Zot:4    | Lost mutation: You have hidden genetic defects. [potion of
                  | mutation]
 79425 | Zot:4    | Lost mutation: Your movements are slightly less encumbered
                  | by armour. (ER -2) [potion of mutation]
 79427 | Zot:4    | Lost mutation: You occasionally shout uncontrollably at
                  | your foes. [potion of mutation]
 79427 | Zot:4    | Lost mutation: Your health recovers twice as slowly from
                  | being drained. [potion of mutation]
 79427 | Zot:4    | Gained mutation: Your muscles are strong. (Str +4, Int/Dex
                  | -1) [potion of mutation]
 79427 | Zot:4    | Gained mutation: Your flesh is heat resistant. (rF+)
                  | [potion of mutation]
 79469 | Zot:5    | Noticed a Killer Klown
 79475 | Zot:5    | Killed a Killer Klown
 79477 | Zot:5    | Killed an ancient lich
 79515 | Zot:5    | Noticed an ancient lich
 79518 | Zot:5    | Noticed a Killer Klown
 79578 | Zot:5    | Killed a Killer Klown
 79580 | Zot:5    | Killed an ancient lich
 79582 | Zot:5    | Reached XP level 26. HP: 239/255 MP: 42/47
 79930 | Zot:5    | Got the Orb of Zot
 80352 | D:14     | Noticed Imeimag the pandemonium lord
 80374 | D:14     | Killed Imeimag the pandemonium lord
 80386 | D:13     | Noticed Godasm the pandemonium lord
 80391 | D:13     | Killed Godasm the pandemonium lord
 80741 | D:3      | Noticed Sulakos the pandemonium lord
 80757 | D:3      | Killed Sulakos the pandemonium lord
 80793 | D:1      | Noticed Rutzucue the pandemonium lord
 80801 | D:1      | Killed Rutzucue the pandemonium lord
 80856 | D:$      | Escaped with the Orb!

Illustrated notes

Levels and vault maps discovered:
D:1:      saegor_arrival_simple_b, layout_basic
D:2:      layout_basic, shapermc_ecumenical_altar_gd, basic_altar
D:3:      layout_rooms, old_standard_altar, minmay_misc_feat_plants
D:4:      layout_rooms, grunt_qazlal_sundering, item_on_display_a
D:5:      layout_cave_pools, mainiacjoe_overflow_surrounded_room,
          lemuel_tele_altar
D:6:      layout_basic, ashenzari_conservatory_becter,
          minmay_temple_entry_large_hall, serial_glass, glass_columns_a,
          glass_columns_a, minmay_checkerbox
D:7:      layout_loops_ring, tgw_fedhas, grunt_ministairs_7,
          amcnicky_mini_pool_medium
D:8:      cheibrodos_shockbox, layout_basic, trog_wizard,
          grunt_temple_overflow_open, enter_bailey_3
D:9:      minmay_chambers_of_sevens, layout_gridville,
          mainiacjoe_overflow_small_starburst, lemuel_round_altar,
          erik_lair_orcish_takeover, kennysheep_orc_monster_closet_entryway
D:10:     layout_basic, mainiacjoe_overflow_cross_hatched,
          regret_index_xom_of_box, serial_shops, nicolae_shop_back_alley_shop,
          corexii_corridor_pit
D:11:     layout_roguey, portal_ice_cave_entry_imps
D:12:     layout_cave_pods, muffindrake_ghost_dual_entry, special_room
          [special_room_bee], serial_shops, nicolae_square_shop
D:13:     layout_roguey, hellmonk_vaults_keyhole
D:14:     layout_big_octagon
D:15:     gammafunk_depths_entry_grave, layout_basic, serial_demonic,
          serial_demonic_c, serial_demonic_f, serial_demonic_e, serial_demonic_d
Temple:   pf_temple_reverse_labyrinth
Lair:1:   layout_small_grid
Lair:2:   layout_gridlike, beast_lair_carwin_1
Lair:3:   minmay_guarded_unrand_snakebite, layout_long_grid, swamp_mist_pool,
          guppyfry_snake_entry_island, grunt_megastairs_5, lemuel_fruit_tree
Lair:4:   layout_concentric_octagons, evilmike_ambush
          [evilmike_ambush_outer_doors, evilmike_ambush_inner_basic]
Lair:5:   cheibrodos_lair_end_hotspot, layout_regular_city,
          dpeg_slime_entry_enclosed, minmay_lair_drake_nest
Swamp:1:  nicolae_swamp_secret_spriggan_hideout, layout_basic_swamp,
          infiniplex_staircase_pool_2
Swamp:2:  layout_falls_marsh, serial_swamp_ruin, evilmike_swamp_ruin_house_5,
          evilmike_swamp_ruin_house_3, swamp_pool_3,
          nicolae_swamp_orc_logging_accident, st_swamp_ruins_2
Swamp:3:  nicolae_swamp_husk_halls, layout_basic_swamp, evilmike_swamp_ruin_wall
Swamp:4:  swamp_pestilence, layout_basic_swamp, infiniplex_staircase_pool
Snake:1:  layout_misc_corridors, uniq_asterion
Snake:2:  layout_honeycomb, nicolae_shop_sticking_my_neck_out, uniq_jorgrun,
          uniq_vashnia, uniq_donald
Snake:3:  hangedman_cross_stitches, layout_cave_pods, serial_shops, shop
Snake:4:  grunt_snake_rune_spirals, layout_onion, serial_bayou,
          serial_bayou_pond_a, serial_bayou_crossing, serial_bayou_pond_c,
          serial_bayou_pond_d, serial_shops, shop, uniq_aizul
Orc:1:    cheibrodos_orc_bank, layout_diamond_mine,
          nicolae_volcano_entry_s_turn, serial_shops, nicolae_diamond_shop,
          nicolae_orc_lava_room
Orc:2:    pubby_orc_utopia
Elf:1:    layout_rooms, basic_altar, serial_shops, shop,
          hangedman_elf_disciples, serial_sigils_hangedman_shear,
          columned_hall_lemuel, uniq_agnes
Elf:2:    nicolae_elf_blades_splatter_lattice
          [nicolae_vaults_blade_armed_guards], layout_rooms, serial_shops,
          nicolae_shop_tiny_statue_garden, lemuel_flamethrower_1, uniq_nikola
Elf:3:    elf_hall, layout_geoelf_castle, einodemon_crawler_minivault,
          minmay_shop_grove
Vaults:1: v_misc_29, grunt_vaults_funneled_arena, hangedman_vaults_impose,
          v_misc_24, grunt_vaults_twisty, ontoclasm_vaults_ring_small,
          ontoclasm_vaults_shuriken, nicolae_vaults_house_2,
          ontoclasm_vaults_gateway, nicolae_vaults_offset_grid_hallway_3,
          hangedman_vaults_capsules, nicolae_vaults_tetromino_L_2,
          ontoclasm_vaults_pinch, vaults_room_grunt_arrival_ludios,
          nicolae_vaults_sesquioval_fish, layout_vaults_omnibox, uniq_norris
Vaults:2: nicolae_vaults_diamond_1, vaults_dpeg_cross,
          nicolae_vaults_twisting_passages, minmay_crypt_entry_necro_gods,
          dpeg_vaults_monster_box, vaults_room_corners, nicolae_vaults_big_ls,
          nicolae_vaults_frosty_reception, v_pattern_4,
          ontoclasm_vaults_loading_screen, serial_library_hellmonk_semicircle,
          layout_vaults_big_cross
Vaults:3: v_alt_pattern_6, nicolae_vaults_fighting_squares,
          serial_library_hellmonk_open_cross, hangedman_vaults_river_flow,
          nicolae_vaults_little_squares_4, nicolae_vaults_six-pack,
          nicolae_vaults_storage_closets_1, ontoclasm_vaults_decontamination,
          v_misc_33, nicolae_vaults_offset_grid_hallway_1,
          nicolae_vaults_turnstiles, ontoclasm_vaults_bender, v_misc_23,
          ontoclasm_vaults_hangar, layout_vaults_maze,
          nicolae_trove_entry_crystal
Vaults:4: nicolae_vaults_network_barrier, hangedman_vaults_impose,
          serial_library_hellmonk_reading_circle,
          dpeg_vaults_pockets_of_resistance, ontoclasm_vaults_loading_screen,
          nicolae_vaults_octothorpe, v_misc_8, ontoclasm_vaults_spin, v_misc_15,
          nicolae_vaults_house_1, nicolae_vaults_diamond_2, v_misc_26,
          hangedman_vaults_maws, vaults_room_pools, nicolae_vaults_alarming,
          vaults_room_corners, layout_vaults_ring
Vaults:5
Depths:1: layout_twisted_cross, minmay_stone_trees_medium, serial_shops,
          bzr_entry_safe, pf_dread_powers_of_hell, dreamdust_wasp_nest,
          uniq_mara, uniq_bai_suzhen
Depths:2: angbandy_vault, layout_basic, enter_ziggurat_c,
          rand_demon_pan_entry_8, pf_hell_entry_tar_spiral, zin_angel,
          minmay_shop_star, minmay_staircase_bubble
Depths:3: minmay_broken_ring, layout_basic, minmay_misc_feat_rows, hellmouth_2,
          abyss_entry
Depths:4: grunt_zot_entry_hairpin, layout_basic, hangedman_decor_riveting,
          serial_shops, shop, rand_demon_pan_entry_9, hell_entry, drop_trap,
          nicolae_custom_books, uniq_xtahua, uniq_vv
Zot:1:    layout_onion, regret_index_zotdec_demonic_mixed, st_stairs_10,
          st_single_dragon_hoard_2, nicolae_tricolors, grunt_megastairs_3
Zot:2:    layout_misc_corridors, regret_index_zotdec_split_disrupt, st_stairs_6
Zot:3:    layout_gridlike, grunt_ministairs_3
Zot:4:    hangedman_zot_vaults_quadrants, layout_cathedral_of_symmetry
Zot:5:    layout_gridlike

Skill      XL: |  1  2  3  4  5  6  7  8  9 10 11 12 13 14 15 16 17 18 19 20 21 22 23 24 25 26 |
---------------+-------------------------------------------------------------------------------+-----
Conjurations   | 1 2 3 4 6 |  6.1
Spellcasting   | 2 3 4 5 6 9 10 12 14 15 | 15.3
Alchemy        | 3 4 5 |  5.0
Air Magic      | 1 2 |  2.6
Evocations     | 2 5 8 12 14 | 14.3
Fire Magic     | 3 6 7 9 |  9.4
Necromancy     | 3 4 6 7 |  7.4
Fighting       | 5 6 7 11 12 14 16 17 20 | 20.0
Axes           | 3 10 13 15 16 | 16.1
Armour         | 6 10 11 12 14 15 16 17 19 20 | 20.0
Shields        | 5 12 13 16 17 18 19 20 | 20.0
Dodging        | 2 4 6 7 12 | 12.8
Ice Magic      | 3 11 12 14 18 | 18.5
Earth Magic    | 2 9 12 | 12.0
Stealth        | |  1.4

Action                     |  1- 3 |  4- 6 |  7- 9 | 10-12 | 13-15 | 16-18 | 19-21 | 22-24 | 25-27 || total
---------------------------+-------+-------+-------+-------+-------+-------+-------+-------+-------++-------
  Melee: Spear             |    99 |    57 |       |       |       |       |       |       |       ||   156
         Unarmed           |     1 |       |       |       |     5 |       |       |       |       ||     6
         Dagger            |       |     5 |   207 |       |       |       |       |       |       ||   212
         Broad axe         |       |       |    53 |   397 |  1353 |  2120 |  1801 |  1657 |   348 ||  7729
  Throw: Dart              |       |       |       |       |       |       |     2 |       |       ||     2
   Cast: Sting             |    50 |    25 |    24 |    18 |     8 |     1 |       |       |       ||   126
         Mercury Vapours   |     5 |     4 |    20 |     6 |     7 |     4 |     1 |       |       ||    47
         Sticky Flame      |       |       |    22 |   117 |   102 |     6 |     8 |     5 |       ||   260
         Kiss of Death     |       |       |     1 |       |     1 |       |       |       |       ||     2
         Mephitic Cloud    |       |       |     8 |    37 |    49 |     8 |     1 |       |       ||   103
         Dispel Undead     |       |       |       |     6 |       |     2 |     4 |    11 |       ||    23
         Permafrost Erupti |       |       |       |       |       |       |    49 |    45 |     6 ||   100
         Borgnjor's Vile C |       |       |       |       |       |       |    15 |    20 |     3 ||    38
         Ozocubu's Refrige |       |       |       |       |       |       |     5 |     2 |       ||     7
         Lee's Rapid Decon |       |       |       |       |       |       |       |     9 |       ||     9
         Polar Vortex      |       |       |       |       |       |       |       |     9 |    28 ||    37
 Invoke: Curse Item        |       |       |     2 |     3 |     6 |     4 |     2 |     4 |       ||    21
         Shatter the Chain |       |       |       |     1 |     4 |     2 |     3 |     1 |       ||    11
  Evoke: Wand              |       |     4 |       |       |     2 |     1 |     1 |       |       ||     8
         Gell's gravitambo |       |       |       |       |       |       |     1 |       |       ||     1
         Phantom mirror    |       |       |       |       |       |       |     2 |     2 |       ||     4
         Tin of tremorston |       |       |       |       |       |       |     1 |     4 |       ||     5
    Use: Potion            |     3 |     3 |     1 |       |     1 |     1 |     2 |       |     4 ||    15
         Scroll            |     1 |     2 |       |     4 |     5 |     6 |    16 |     1 |     1 ||    36
   Stab: Sleeping          |     1 |     1 |     1 |       |       |       |       |       |       ||     3
         Confused          |       |       |     6 |    32 |    39 |     3 |     1 |       |       ||    81
         Distracted        |       |       |       |       |     1 |       |       |     1 |     1 ||     3
 Armour: Robe              |   109 |    62 |   120 |       |       |       |       |       |       ||   291
         Skin              |    55 |    45 |       |       |    22 |       |       |       |       ||   122
         Scale mail        |       |       |    92 |       |       |       |       |       |       ||    92
         Steam dragon scal |       |       |    22 |   116 |       |       |       |       |       ||   138
         Ring mail         |       |       |       |   231 |   453 |       |       |       |       ||   684
         Plate armour      |       |       |       |       |   420 |  1864 |  1224 |  1183 |   323 ||  5014
  Dodge: Dodged            |    79 |    49 |   172 |   325 |   351 |   457 |   718 |   595 |   115 ||  2861
  Block: Buckler           |       |       |       |       |   539 |   324 |       |       |       ||   863
         Reflection        |       |       |       |       |    35 |   156 |    22 |       |       ||   213
         Kite shield       |       |       |       |       |       |  1218 |  1515 |  1319 |   265 ||  4317

Table legend: (Time is in decaauts)
 A = Elapsed time spent in this place.
 B = Non-inter-level travel time spent in this place.
 C = Inter-level travel time spent in this place.
 D = Time resting spent in this place.
 E = Time spent auto-exploring this place.
 F = Levels seen in this place.
 G = Mean time per level.
                   A        B        C        D        E       F      G
               +--------+--------+--------+--------+--------+-----+--------+
         Total |  79204 |  73458 |   5746 |  17565 |  38534 |  53 | 1494.4 |
       Dungeon |  22606 |  20230 |   2376 |   5704 |  10196 |  15 | 1507.1 |
        Temple |     31 |     31 |      0 |     23 |      0 |   1 |   31.0 |
          Lair |   9953 |   9291 |    662 |   2874 |   4600 |   5 | 1990.6 |
         Swamp |   3906 |   3570 |    336 |    635 |   1989 |   4 |  976.5 |
     Snake Pit |   8909 |   8657 |    252 |   2671 |   3687 |   4 | 2227.2 |
  Orcish Mines |   4742 |   4343 |    399 |   1020 |   2411 |   2 | 2371.0 |
   Elven Halls |   3669 |   3460 |    209 |    424 |   2267 |   3 | 1223.0 |
        Vaults |   9084 |   8576 |    508 |    938 |   5180 |   5 | 1816.8 |
        Depths |   7115 |   6307 |    808 |    644 |   3874 |   4 | 1778.8 |
           Zot |   6207 |   6016 |    191 |   1191 |   3737 |   5 | 1241.4 |
        Bazaar |     95 |     95 |      0 |      0 |     86 |   1 |   95.0 |
         Trove |     47 |     47 |      0 |      0 |      7 |   1 |   47.0 |
        Bailey |    557 |    557 |      0 |    259 |    129 |   1 |  557.0 |
      Ice Cave |   1025 |   1025 |      0 |    582 |    152 |   1 | 1025.0 |
       Volcano |   1250 |   1250 |      0 |    598 |    217 |   1 | 1250.0 |
               +--------+--------+--------+--------+--------+-----+--------+

Top non-repeatable levels by time:
   Orc:2: 4019 daAuts
     D:9: 3224 daAuts
 Snake:4: 3209 daAuts
  Lair:5: 2875 daAuts
  Lair:1: 2323 daAuts
Depths:2: 2265 daAuts
 Snake:3: 2239 daAuts
Vaults:5: 2168 daAuts
    D:15: 2158 daAuts
 Snake:2: 2116 daAuts
     D:8: 2072 daAuts
Depths:3: 1996 daAuts
Depths:4: 1986 daAuts
Vaults:4: 1901 daAuts
     D:7: 1890 daAuts
